cohdb
Replays
Latest Replays
All Replays
Popular Replays
Top Player Replays
Match Explorer
How It Works
Community
CoH3 Stats
Reddit
Sign in to upload your games and track your stats! →
Sign in with Steam
Match 45282499
Unlisted
Match 45282499
Overview
Messages
Build Orders
End
Construct Weapon Support Center
Selects Special Operations Battlegroup
Selects Special Operations Battlegroup
Selects M29 Weasel Recon Vehicle
M29 Weasel Recon Vehicle
M1919 Machine Gun Team
M1919 Machine Gun Team
Infantry Support Center
M3 Armored Personnel Carrier
Engineer Squad
Selects Smoke Screen
M3 Armored Personnel Carrier
Selects SSF Commando Squad
SSF Commando Squad
SSF Commando Squad
Farlion
xbubalo
Septimum
Seocheon
0
0
Comments
sign in to comment!
No comments posted yet!